 Dungeon Crawl Stone Soup version 0.22-a0-322-g60b3cfd (webtiles) character file.

3 grindst0ne the Skirmisher (level 1, -1/18 HPs)
             Began as a Formicid Abyssal Knight on Apr 5, 2018.
             Was an Initiate of Lugonu.
             Slain by a hobgoblin (2 damage)
             ... on level 1 of the Dungeon.
             The game lasted 00:00:32 (159 turns).

grindst0ne the Skirmisher (Formicid Abyssal Knight)  Turns: 159, Time: 00:00:33

Health: -1/18      AC:  3    Str: 16    XL:     1   Next: 55%
Magic:  2/2        EV: 11    Int: 11    God:    Lugonu [......]
Gold:   22         SH:  0    Dex: 10    Spells: 0/0 levels left

rFire    . . .     SeeInvis +   a - +1 falchion
rCold    . . .     Gourm    .   (no shield)
rNeg     . . .     Faith    .   b - +0 leather armour
rPois    .         Spirit   .   (helmet unavailable)
rElec    .         Reflect  .   (no cloak)
rCorr    .         Harm     .   (no gloves)
MR       .....                  (no boots)
Stlth    +.........             (no amulet)
HPRegen  0.06/turn              (no ring)
MPRegen  0.08/turn              (no ring)

@: no status effects
A: permanent stasis, dig shafts and tunnels, four strong arms, antennae 3
a: Dig, Shaft Self, Renounce Religion


You were on level 1 of the Dungeon.
You worshipped Lugonu.
Lugonu was noncommittal.
You were not hungry.

You visited 1 branch of the dungeon, and saw 1 of its levels.
You visited the Abyss 1 time.

You collected 22 gold pieces.

Inventory:

Hand Weapons
 a - a +1 falchion (weapon)
Armour
 b - a +0 leather armour (worn)
Scrolls
 d - a scroll of immolation {unknown}
Comestibles
 c - 2 rations
 f - 2 chunks of flesh


   Skills:
 - Level 3.2 Fighting
 + Level 2.1 Long Blades
 - Level 2.1 Armour
 - Level 0.8 Dodging
 + Level 2.4 Invocations


You couldn't memorise any spells.
You didn't know any spells.

Dungeon Overview and Level Annotations

Branches:
Dungeon (1/15)

Altars:


Innate Abilities, Weirdness & Mutations

You cannot be hasted, slowed, berserked, paralysed or teleported.
You can dig through walls and to a lower floor.
Your four strong arms can wield two-handed weapons with a shield.
You have a pair of large antennae on your head. (SInv)


Message History

You closely miss the hobgoblin.
The hobgoblin is moderately wounded.
The gnoll closely misses you. The hobgoblin hits you.
* * * LOW HITPOINT WARNING * * *
The gnoll hits you but does no damage.
There is an open door here.
The hobgoblin misses you.
You riposte.
You barely miss the hobgoblin.
The hobgoblin is moderately wounded.
You open the door. The hobgoblin completely misses you.
The giant cockroach bites you.
* * * LOW HITPOINT WARNING * * *
There is an open door here.
You hit the giant cockroach but do no damage.
The giant cockroach bites you but does no damage.
The hobgoblin hits you.
* * * LOW HITPOINT WARNING * * *
The gnoll closely misses you.
The giant cockroach bites you but does no damage.
You barely miss the giant cockroach. The hobgoblin hits you.
You die...

#.#..............#
#######.#..............#
........'....>.........#
#######'#......†.......#
...............).....#
...............(.....#
..........g...........#
...........gs.........#
........####@##'###########
.......## #...............#
.....# ###...............#
... ..................#
###...............#
#...............#
#...............#
#...............#
#...............#


You could see a gnoll, a giant cockroach and a hobgoblin.

Vanquished Creatures
  A hobgoblin (D:1)
  A kobold (D:1)
  A goblin (D:1)
3 creatures vanquished.

Notes
Turn   | Place    | Note
-------+----------+-------------------------------------------
     0 | Abyss:1  | grindst0ne the Formicid Abyssal Knight began the quest for the Orb.
     0 | Abyss:1  | Reached XP level 1. HP: 18/18 MP: 2/2
    54 | Abyss:1  | Noticed a quasit
    54 | Abyss:1  | Noticed an ancient zyme
    57 | D:1      | Escaped the Abyss
   159 | D:1      | Slain by a hobgoblin

Vault maps used:
D:1:      dpeg_arrival_shelter

Action                   || total
-------------------------++-------
Melee: Falchion          ||    21
Invok: Depart the Abyss  ||     1
Armor: Leather armour    ||     8
Dodge: Dodged            ||    16
       Rpst.: Falchion   ||     3

Table legend:
 A = Spawn XP
 B = Non-spawn XP
 C = Spawn XP percentage of total XP
 D = Spawn monster count
 E = Non-spawn monster count
 F = Spawn count percentage of total count
 G = Total turns spent on level
                    A         B        C        D         E        F      G
               +---------+---------+-------+---------+---------+-------+---------
         Total |       0 |       5 |   0.0 |       0 |       3 |   0.0 |   159
               +---------+---------+-------+---------+---------+-------+---------
           D:1 |       0 |       5 |   0.0 |       0 |       3 |   0.0 |   102
               +---------+---------+-------+---------+---------+-------+---------
